 Dungeon Crawl Stone Soup version 0.29.1-1-gd02db6906a (webtiles) character file.

Game seed: 763726689689490524

67 fireball365 the Covered (level 4, -2/40 HPs)
             Began as a Minotaur Fighter on Oct 10, 2022.
             Succumbed to a kobold's poison
             ... on level 2 of the Dungeon.
             The game lasted 00:05:37 (1903 turns).

fireball365 the Covered (Minotaur Fighter)          Turns: 1903, Time: 00:05:37

Health: -2/40      AC:  0    Str: 21    XL:     4   Next: 0%
Magic:  3/3        EV: 13    Int:  7    God:
Gold:   79         SH:  0    Dex:  9    Spells: 3/3 levels left

rFire   . . .      SeeInvis .   (weapon currently unavailable)
rCold   . . .      Faith    .   (shield currently unavailable)
rNeg    . . .      Spirit   .   (body armour currently unavailable)
rPois   .          Reflect  .   (helmet currently unavailable)
rElec   .          Harm     .   (cloak currently unavailable)
rCorr   .          Rampage  .   (gloves currently unavailable)
Will    .....                   (boots currently unavailable)
Stlth   +.........              (no amulet)
HPRegen 0.13/turn               (ring currently unavailable)
MPRegen 0.08/turn               (ring currently unavailable)

@: mighty, lethally poisoned (-2 -> -16), pig-form, very quick
A: fast, no casting, small, (horns 2), (retaliatory headbutt)
a: no special abilities


You were on level 2 of the Dungeon.
You were a filthy swine.
You visited 1 branch of the dungeon, and saw 2 of its levels.

You collected 79 gold pieces.

Inventory:

Hand Weapons
 a - a +0 war axe (melded)
Missiles
 e - 26 stones (quivered)
Armour
 b - a +0 scale mail (melded)
 c - a +0 buckler (melded)
Magical Staves
 o - a staff of earth
Scrolls
 f - 2 scrolls of amnesia
 g - a scroll of fear {unknown}
 h - 3 scrolls of summoning {unknown}
 i - a scroll of vulnerability {unknown}
 j - a scroll of enchant armour {unknown}
 k - a scroll of teleportation {unknown}
 n - a scroll of identify {unknown}
Potions
 d - a potion of might
 l - a potion of brilliance {unknown}
 m - a potion of ambrosia {unknown}


   Skills:
 + Level 4.1 Fighting
 + Level 3.0 Axes
 + Level 4.6 Armour
 + Level 0.9 Dodging
 + Level 4.1 Shields


You had 3 spell levels left.
You didn't know any spells.
Your spell library was empty.

Dungeon Overview and Level Annotations

Branches:
Dungeon (2/15)

Altars:


Innate Abilities, Weirdness & Mutations

You are a filthy swine.
You move quickly.
Your equipment is almost entirely melded.
You are incapable of wielding weapons or throwing items.
You cannot cast spells.
((You have a pair of horns on your head.))
((You reflexively headbutt those who attack you in melee.))


Message History

You have reached level 4!
You feel stronger.
The kobold hits you with a +0 dagger of venom.
You are poisoned.
The kobold blocks your attack.
You feel very sick. The kobold hits you but does no damage.
You are more poisoned.
The kobold zaps a wand.
You turn into a filthy swine.
Your +0 war axe melds into your body.
Your +0 buckler melds into your body.
Your +0 scale mail melds into your body.
Unknown command.
You closely miss the kobold.
You feel very sick. The kobold misses you. The kobold blocks your attack.
You feel very sick.
The kobold hits you with a +0 dagger of venom.
You are lethally poisoned!
You barely miss the kobold.
You feel very sick. The kobold closely misses you.
You hit the kobold.
The kobold is heavily wounded.
You feel very sick.
The kobold hits you with a +0 dagger of venom.
* * * LOW HITPOINT WARNING * * *
You are more poisoned.
* * * LOW HITPOINT WARNING * * *
You feel very sick.
* * * LOW HITPOINT WARNING * * *
You feel very sick.
You feel very mighty all of a sudden.
* * * LOW HITPOINT WARNING * * *
You feel very sick.
The kobold throws a stone.
The stone barely misses you.
As you read the scroll labelled HOTEUNWIOQE, it crumbles to dust.
It is a scroll of amnesia.
You feel forgetful for a moment.
You die...

... .# ... #.# ##'##
#.# ##...## #.#
##.....## ###.#
##.......## ##.#.#
##.....K...####....#
.'.........'.......#
##.....h...####....#
##.......## ##.#.##
##.....## ##.#.##
##...## #.###.#
##'## ##.#.## #.#
##.## #.# #.# ##.##
#.# ##...## #.#


You could see a kobold (reflecting).

Vanquished Creatures
  2 adders (D:2)
  9 ball pythons
  3 bats
  7 endoplasms
  A giant cockroach (D:1)
  6 goblins
  A hobgoblin (D:1)
  4 jackals (D:1)
  2 quokkas
  3 frilled lizards (D:1)
  3 kobolds (D:1)
  3 rats
44 creatures vanquished.

Notes
Turn   | Place    | Note
-------+----------+-------------------------------------------
     0 | D:1      | fireball365 the Minotaur Fighter began the quest for the
                  | Orb.
     0 | D:1      | Reached XP level 1. HP: 19/19 MP: 0/0
   350 | D:1      | Found a faded altar of an unknown god.
   355 | D:1      | Reached XP level 2. HP: 27/27 MP: 1/1
   750 | D:1      | Reached XP level 3. HP: 30/33 MP: 2/2
  1894 | D:2      | Reached XP level 4. HP: 37/40 MP: 3/3
  1902 | D:2      | HP: 1/40 [poisoned by a kobold]
  1903 | D:2      | Succumbed to a kobold's poison

Illustrated notes

Levels and vault maps discovered:
D:1:      dpeg_arrival_renting, layout_basic, basic_ecumenical_altar,
          minmay_pentomino_s2
D:2:      cheibrodos_greedy_goblins, layout_loops_corners

Skill      XL: |  1  2  3 |
---------------+----------+-----
Fighting       | 4 |  4.1
Armour         | 4 |  4.6
Shields        | 4 |  4.1
Axes           | 3 |  3.0
Dodging        | |  0.9

Action                   |  1- 3 |  4- 6 || total
-------------------------+-------+-------++-------
Melee: War axe           |    90 |     1 ||    91
       Headbutt          |    14 |       ||    14
       Unarmed           |       |     4 ||     4
  Use: Scroll            |       |     1 ||     1
       Potion            |       |     1 ||     1
Armor: Scale mail        |    70 |     1 ||    71
Dodge: Dodged            |    59 |     3 ||    62
Block: Buckler           |    40 |       ||    40
